 Dungeon Crawl Stone Soup version 0.22.0-38-g04b72b8c25 (webtiles) character file.

56 Jynx the Grasshopper (level 3, 0/27 HPs)
             Began as a Spriggan Warper on Aug 27, 2018.
             Succumbed to an adder's poison
             ... on level 2 of the Dungeon.
             The game lasted 00:04:08 (1646 turns).

Jynx the Grasshopper (Spriggan Warper)              Turns: 1646, Time: 00:04:08

Health: 0/27       AC: 21    Str:  7    XL:     3   Next: 71%
Magic:  7/9        EV:  4    Int: 19    God:
Gold:   52         SH:  0    Dex: 16    Spells: 5/9 levels left

rFire    . . .     SeeInvis +   a - +0 short sword
rCold    . . .     Gourm    .   (shield restricted)
rNeg     + + +     Faith    .   (armour currently unavailable)
rPois    +         Spirit   .   (helmet currently unavailable)
rElec    .         Reflect  .   (cloak currently unavailable)
rCorr    .         Harm     .   (gloves unavailable)
MR       .....     NoTele   +   (boots unavailable)
Stlth    ++........             j - amulet of regeneration
HPRegen  0.09/turn              (no ring)
MPRegen  0.11/turn              (no ring)

@: brilliant, lethally poisoned (0 -> -4), tree-form, shrouded (expiring)
A: very small, unfitting armour, see invisible, herbivore, slow metabolism 2
a: no special abilities


You were on level 2 of the Dungeon.
You were not hungry.
You were a tree.
You visited 1 branch of the dungeon, and saw 2 of its levels.

You collected 52 gold pieces.

Inventory:

Hand Weapons
 a - a +0 short sword (weapon)
Missiles
 e - 5 tomahawks of dispersal (quivered)
Armour
 b - a +0 robe (melded)
 m - a +0 cloak (melded)
Jewellery
 j - an amulet of regeneration (around neck)
Scrolls
 c - 3 scrolls of immolation {unknown}
 d - 2 scrolls of blinking
 g - 2 scrolls of identify {unknown}
 h - 3 scrolls of enchant armour {unknown}
 k - 2 scrolls of teleportation {unknown}
Comestibles
 f - 4 rations


   Skills:
 - Level 1.5 Fighting
 + Level 3.2 Short Blades
 - Level 1.0 Throwing
 - Level 3.5 Dodging
 + Level 2.8 Stealth
 + Level 3.7 Spellcasting
 - Level 4.4 Translocations


You had 5 spell levels left.
You knew the following spells:

 Your Spells              Type           Power        Failure   Level  Hunger
a - Blink                 Tloc           N/A          1%          2    ##.....
b - Shroud of Golubria    Chrm/Tloc      ###.......   1%          2    ##.....

Your spell library contained the following spells:

 Spells                   Type           Power        Failure   Level  Hunger
 Gell's Gravitas          Tloc           ####......   1%          3    ###....
 Lesser Beckoning         Tloc           ####......   1%          3    ###....
 Teleport Other           Tloc           ####....     1%          3    ###....
 Passage of Golubria      Tloc           N/A          2%          4    ####...


Dungeon Overview and Level Annotations

Branches:
Dungeon (2/15)

Altars:


Innate Abilities, Weirdness & Mutations

You are very small and have problems with some larger weapons.
You are too small for most types of armour.
You have supernaturally acute eyesight. (SInv)
You are a herbivore.
((You cover ground extremely quickly.))
You need to consume almost no food.


Message History

It was a potion of brilliance.
You feel clever all of a sudden.
* * * LOW HITPOINT WARNING * * *
You feel sick. The adder barely misses you.
You aren't carrying any potions.
Put on which piece of jewellery? (? for menu, Esc to quit)
You sense that the amulet cannot attune itself to your injured body.
j - an amulet of regeneration (around neck)
The adder bites you but does no damage.
You hit the adder.
The adder is moderately wounded.
Your shroud begins to fray at the edges.
* * * LOW HITPOINT WARNING * * *
You feel sick. The adder bites you but does no damage.
You closely miss the adder.
The adder is moderately wounded.
The adder bites you but does no damage.
You hit the adder but do no damage.
The adder is moderately wounded.
You die...

...# ####.#.....#
....##.....#.#.?#
..............#....
..............###.. ##.
..................[. ....
.............(#######..##
..............# ###....#
.......KS.....####...##.#
........♣..........##....
...................#..#.#
.....................##.#
#######.÷..#....###....#.#
#........#####..# ####....
#.........†..##### #####†.
#.....######.....# #......
#.....# #.....###.#####
#.....# ##...)....###


You could see an adder and a kobold.

Vanquished Creatures
  2 adders (D:2)
  An ooze (D:1)
  An adder skeleton (D:2)
  A worm (D:2)
  A leopard gecko (D:1)
  A ball python (D:1)
  A giant cockroach (D:1)
  3 goblins (D:1)
  3 hobgoblins (D:1)
  A jackal (D:1)
  3 bats (D:1)
  3 frilled lizards (D:1)
  9 rats
30 creatures vanquished.

Notes
Turn   | Place    | Note
-------+----------+-------------------------------------------
     0 | D:1      | Jynx the Spriggan Warper began the quest for the Orb.
     0 | D:1      | Reached XP level 1. HP: 10/10 MP: 5/5
   257 | D:1      | Reached skill level 1 in Stealth
   257 | D:1      | Reached XP level 2. HP: 14/14 MP: 7/7
   677 | D:1      | Learned a level 2 spell: Blink
  1122 | D:1      | Learned a level 2 spell: Shroud of Golubria
  1161 | D:1      | Reached XP level 3. HP: 18/18 MP: 8/8
  1644 | D:2      | HP: 1/27 [poisoned by an adder]
  1646 | D:2      | Succumbed to an adder's poison

Skill      XL: |  1  2  3 |
---------------+----------+-----
Spellcasting   | 3 |  3.7
Stealth        | 1 2 |  2.8
Short Blades   | 3 |  3.2
Fighting       | |  1.5
Throwing       | |  1.0
Dodging        | |  3.5
Translocations | |  4.4

Action                   || total
-------------------------++-------
Melee: Short sword       ||   162
 Cast: Shroud of Golubri ||     8
  Use: Potion            ||     2
 Stab: Sleeping          ||     4
Armor: Robe              ||    16
       Skin              ||     3
Dodge: Dodged            ||   139
